 Dungeon Crawl Stone Soup version 0.30.1-9-gdf580d7c3d (webtiles) character file.

Game seed: 17343885249294668543

660658 monsoonserge the Slayer (level 27, -15/171 HPs)
             Began as a Spriggan Hunter on Oct 20, 2023.
             Was the Champion of Okawaru.
             Killed from afar by an orb of fire (31 damage)
             ... with a fireball
             ... on level 5 of the Realm of Zot.
             The game lasted 06:34:46 (73169 turns).

monsoonserge the Slayer (Spriggan Hunter)          Turns: 73169, Time: 06:34:47

Health: -15/171    AC: 10    Str: 11    XL:     27
Magic:  0/33       EV: 61    Int: 24    God:    Okawaru [******]
Gold:   8063       SH:  0    Dex: 31    Spells: 25/45 levels left

rFire   + + .        a - +6 arbalest "Damnation" {damnation}
rCold   . . .        (shield currently unavailable)
rNeg    + . .        X - +4 robe of Summer {rElec}
rPois   +            f - +0 hat of the Original Sin {Dex+3}
rElec   +            G - +1 cloak of Starlight {*Dazzle EV+4 Stlth--}
rCorr   +            (gloves unavailable)
SInv    +            (boots unavailable)
Will    +++++        U - amulet of Vefuf {Spirit Fly rF+ SInv}
Stlth   ++++++       L - ring "Lysya" {rPois rC+ rCorr Int+6 Slay-3}
HPRegen 0.48/turn    c - ring "Saisialapp" {Drain rF+ rN+ Str+2 Int+5}
MPRegen 0.23/turn

%: clarity, guardian spirit
@: heroic, finesse-ful, flying, studying 2 skills, unable to drink, very quick
A: very small, no large weapons, unfitting armour, see invisible, speed 3,
clarity, low MP 1, strong-willed 1, screaming 1, no potion heal 1, cold
vulnerability 1, subdued magic 1, inability to drink after injury 1
}: 4/15 runes: decaying, serpentine, slimy, silver
a: Renounce Religion, Heroism, Finesse, Duel


You were on level 5 of the Realm of Zot.
You worshipped Okawaru.
Okawaru was exalted by your worship.
You visited 13 branches of the dungeon, and saw 56 of its levels.
You also visited: Trove, Sewer, Ossuary, Ice Cave and Wizlab.

You collected 8791 gold pieces.
You spent 728 gold pieces at shops.

Inventory:

Hand Weapons
 a - the +6 arbalest "Damnation" (weapon) {damnation}
   (Okawaru gifted it to you on level 4 of the Snake Pit)
 b - the +9 arbalest of Ycucagg {freeze, rF++ Int-5}
   (You acquired it on level 10 of the Dungeon)

   Int:       It affects your intelligence (-5).
   rF:        It greatly protects you from fire.
Missiles
 q - 14 datura-tipped darts
 w - 8 throwing nets
 B - 13 curare-tipped darts
 M - 9 atropa-tipped darts
Armour
 f - the +0 hat of the Original Sin (worn) {Dex+3}
   (Okawaru gifted it to you on level 1 of the Snake Pit)

   Dex:       It affects your dexterity (+3).
 s - the +1 swamp dragon scales of Autotheism {Harm rElec rPois}
   (Okawaru gifted it to you on level 4 of the Depths)

   rElec:     It insulates you from electricity.
   rPois:     It protects you from poison.
   Harm:      It increases damage dealt and taken.
 y - the +14 shadow dragon scales of the Solemn God {Int+5 Stlth++++}
   (Okawaru gifted it to you on level 4 of the Snake Pit)

   Int:       It affects your intelligence (+5).
   Stlth:     It makes you much more stealthy.
 G - the +1 cloak of Starlight (worn) {*Dazzle EV+4 Stlth--}
   (You found it on level 15 of the Dungeon)

   *Dazzle:   It may blind those who miss an attack against the wearer in melee
   combat.
   EV:        It affects your evasion (+4).
   Stlth:     It makes you much less stealthy.
 Q - the +4 fire dragon scales of the Salamander {rPois rF++ rC- Str+3 Dex+2}
   (Okawaru gifted it to you on level 12 of the Dungeon)

   Str:       It affects your strength (+3).
   Dex:       It affects your dexterity (+2).
   rF:        It greatly protects you from fire.
   rC:        It makes you vulnerable to cold.
   rPois:     It protects you from poison.
 R - the +11 fire dragon scales of the Unstoppable Coins {rF++ rC- rCorr Int+4 Stlth-}
   (You took it off a deep elf master archer on level 3 of the Elven Halls)

   Int:       It affects your intelligence (+4).
   rF:        It greatly protects you from fire.
   rC:        It makes you vulnerable to cold.
   rCorr:     It protects you from acid and corrosion.
   Stlth:     It makes you less stealthy.
 X - the +4 robe of Summer (worn) {rElec}
   (You found it on level 2 of the Realm of Zot)

   rElec:     It insulates you from electricity.
Jewellery
 c - the ring "Saisialapp" (right hand) {Drain rF+ rN+ Str+2 Int+5}
   (You found it on level 5 of the Pits of Slime)

   [ring of protection from fire]

   Str:       It affects your strength (+2).
   Int:       It affects your intelligence (+5).
   rF:        It protects you from fire.
   rN:        It protects you from negative energy.
   Drain:     It drains your maximum health when unequipped.
 L - the ring "Lysya" (left hand) {rPois rC+ rCorr Int+6 Slay-3}
   (You found it on level 5 of the Pits of Slime)

   [ring of protection from cold]

   Int:       It affects your intelligence (+6).
   Slay:      It affects your accuracy & damage with ranged weapons and melee
   (-3).
   rC:        It protects you from cold.
   rPois:     It protects you from poison.
   rCorr:     It protects you from acid and corrosion.
 U - the amulet of Vefuf (around neck) {Spirit Fly rF+ SInv}
   (You found it on level 1 of the Swamp)

   [amulet of guardian spirit]

   It causes incoming damage to be divided between your reserves of health and
   magic.
   rF:        It protects you from fire.
   SInv:      It lets you see invisible.
   Fly:       It grants you flight.
 V - a +6 ring of dexterity
 W - a ring of poison resistance
 Z - the ring "Umoesue" {Fly rElec rC- Int+4}
   (You found it on level 1 of the Crypt)

   [ring of flight]

   Int:       It affects your intelligence (+4).
   rC:        It makes you vulnerable to cold.
   rElec:     It insulates you from electricity.
   Fly:       It grants you flight.
Wands
 x - a wand of iceblast (80)
 H - a wand of mindburst (57)
 K - a wand of polymorph (26)
 O - a wand of digging (37)
 T - a wand of light (52)
Scrolls
 g - 8 scrolls of immolation
 h - 15 scrolls of poison
 i - 25 scrolls of teleportation
 m - 20 scrolls of amnesia
 z - 7 scrolls of fear
 C - 15 scrolls of blinking
 D - 8 scrolls of vulnerability
 E - 6 scrolls of magic mapping
 F - 6 scrolls of silence
 J - 7 scrolls of torment
 P - 7 scrolls of enchant armour
 S - 15 scrolls of fog
Potions
 e - 11 potions of lignification
 j - 12 potions of resistance
 k - 11 potions of flight
 l - 8 potions of mutation
 n - 5 potions of invisibility
 o - 16 potions of brilliance
 p - 9 potions of heal wounds
 r - 11 potions of magic
 t - 14 potions of haste
 u - 8 potions of might
 v - 7 potions of ambrosia
 I - 6 potions of cancellation
 N - 31 potions of curing
Miscellaneous
 d - a lightning rod (4/4)
 A - a condenser vane
 Y - a phial of floods


   Skills:
 + Level 26.1(27) Fighting
 + Level 22.2(27) Ranged Weapons
 * Level 11.1(16.1) Armour
 + Level 22.5(27) Dodging
 + Level 15.4(20.4) Stealth
 * Level 9.5 Spellcasting
 * Level 10.6 Hexes
 * Level 9.7 Translocations
 - Level 3.0 Fire Magic
 * Level 11.8 Air Magic
 + Level 11.4 Invocations
 + Level 19.6 Evocations


You had 25 spell levels left.
You knew the following spells:

 Your Spells              Type           Power      Damage    Failure   Level
a - Blink                 Tloc           88%        N/A       1%          2
b - Portal Projectile     Hex/Tloc       92%        N/A       1%          3
c - Passage of Golubria   Tloc           44%        N/A       1%          4
d - Inner Flame           Hex/Fire       33%        N/A       1%          3
e - Swiftness             Air            51%        N/A       1%          3
f - Silence               Hex/Air        25%        N/A       1%          5

Your spell library contained the following spells:

 Spells                   Type           Power      Damage    Failure   Level
 Slow                     Hex            100%       N/A       1%          1
 Cigotuvi's Dreadful Rot  Necr/Pois/Air  46%        N/A       1%          2
 Ensorcelled Hibernation  Hex/Ice        56%        N/A       1%          2
 Lesser Beckoning         Tloc           88%        N/A       1%          2
 Momentum Strike          Conj/Tloc      52%        3d9       1%          2
 Poisonous Vapours        Pois/Air       60%        N/A       1%          2
 Confusing Touch          Hex            47%        N/A       1%          3
 Dazzling Flash           Conj/Hex       56%        N/A       1%          3
 Gell's Gravitas          Tloc           44%        N/A       1%          3
 Teleport Other           Tloc           44%        N/A       1%          3
 Vhi's Electric Charge    Tloc/Air       96%        N/A       1%          3
 Volatile Blastmotes      Fire/Tloc      64%        2d15      1%          3
 Mephitic Cloud           Conj/Pois/Air  23%        N/A       2%          3
 Freeze                   Ice            32%        1d5       4%          1
 Kiss of Death            Conj/Necr      32%        2d7       4%          1
 Magic Dart               Conj           32%        1d4       4%          1
 Sandblast                Erth           16%        2d6       4%          1
 Anguish                  Hex/Necr       14%        N/A       4%          4
 Fulminant Prism          Conj/Hex       14%        3d8       4%          4
 Iskenderun's Mystic Bla  Conj/Tloc      26%        2d7       6%          4
 Passwall                 Tmut/Erth      6%         N/A       7%          2
 Searing Ray              Conj           16%        2d5       7%          2
 Sublimation of Blood     Necr           8%         N/A       7%          2
 Wereblood                Tmut           8%         N/A       7%          2
 Ignite Poison            Fire/Tmut/Pois 12%        N/A       9%          3
 Arcjolt                  Conj/Air       15%        1d25      12%         5
 Frozen Ramparts          Ice            16%        1d3       14%         3
 Hailstorm                Conj/Ice       8%         3d4       14%         3
 Ozocubu's Armour         Ice            8%         N/A       14%         3
 Vampiric Draining        Necr           8%         2d6       14%         3
 Metabolic Englaciation   Hex/Ice        14%        N/A       14%         5
 Yara's Violent Unravell  Hex/Tmut       14%        3d7       14%         5
 Freezing Cloud           Conj/Ice/Air   11%        6-21      26%         5
 Dispel Undead            Necr           8%         3d8       45%         4
 Ice Form                 Ice/Tmut       8%         N/A       45%         4
 Olgreb's Toxic Radiance  Pois           8%         N/A       45%         4
 Petrify                  Tmut/Erth      8%         N/A       45%         4
 Conjure Ball Lightning   Conj/Air       15%        3x3d6     54%         6
 Fireball                 Conj/Fire      7%         3d5       58%         5
 Agony                    Necr           8%         N/A       80%         5
 Blade Hands              Tmut           4%         N/A       80%         5
 Borgnjor's Vile Clutch   Necr/Erth      4%         N/A       80%         5
 Irradiate                Conj/Tmut      4%         3d13      80%         5
 Iskenderun's Battlesphe  Conj           8%         2d6       80%         5
 Maxwell's Capacitive Co  Air            25%        ∞         94%         8
 Starburst                Conj/Fire      7%         6d4       99%         6
 Discord                  Hex            23%        N/A       99%         8
 Eringya's Noxious Bog    Tmut/Pois      4%         N/A       100%        6
 Statue Form              Tmut/Erth      5%         N/A       100%        6
 Orb of Destruction       Conj           4%         9d5       100%        7
 Ignition                 Fire           9%         3d5       100%        8
 Necromutation            Tmut/Necr      4%         N/A       100%        8
 Shatter                  Erth           4%         3d7*      100%        9
 Summon Guardian Golem    Hex/Summ       Unusable   N/A       N/A         3
 Tukima's Dance           Hex            Unusable   N/A       N/A         3
 Call Imp                 Summ           Unusable   N/A       N/A         2
 Call Canine Familiar     Summ           Unusable   N/A       N/A         3
 Summon Mana Viper        Hex/Summ       Unusable   N/A       N/A         5
 Summon Forest            Summ/Tloc      Unusable   N/A       N/A         5
 Animate Dead             Necr           Unusable   N/A       N/A         4
 Summon Ice Beast         Ice/Summ       Unusable   N/A       N/A         4
 Malign Gateway           Summ/Tloc      Unusable   N/A       N/A         7
 Death Channel            Necr           Unusable   N/A       N/A         6
 Simulacrum               Ice/Necr       Unusable   N/A       N/A         6
 Summon Cactus Giant      Summ           Unusable   N/A       N/A         6
 Monstrous Menagerie      Summ           Unusable   N/A       N/A         7
 Spellforged Servitor     Conj/Summ      Unusable   N/A       N/A         7
 Summon Hydra             Summ           Unusable   N/A       N/A         7

Dungeon Overview and Level Annotations

Branches:
Dungeon (15/15)            Temple (1/1) D:5            Lair (5/5) D:10
  Swamp (4/4) Lair:2        Snake (4/4) Lair:2        Slime (5/5) Lair:4
    Orc (2/2) D:9             Elf (3/3) Orc:2        Vaults (5/5) D:14
  Crypt (2/3) Vaults:2     Depths (4/4) D:15           Hell (visited)
    Zot (5/5) Depths:4      Sewer (visited)         Ossuary (visited)
  IceCv (visited)          WizLab (visited)
    Dis: Hell:1         Geh: Hell:1         Coc: Hell:1         Tar: Hell:1

Altars:
Ashenzari
Cheibriados
Dithmenos
Elyvilon
Fedhas
Gozag
Hepliaklqana
Kikubaaqudgha
Makhleb
Nemelex Xobeh
Okawaru
Qazlal
Ru
Sif Muna
Trog
Uskayaw
Vehumet
Wu Jian
Xom
Yredelemnul
Zin
The Shining One
Jiyva

Shops:
D:1 :   D:4 =   D:5 ?   D:6 *   D:7 *   D:9 *   Orc:2 *(?=   Snake:1 ?=!
Vaults:1 *   Vaults:2 [   Vaults:3 (   Depths:3 [

Portals:
Hell: Depths:1 Depths:2 Depths:3 Depths:4
Abyss: Depths:1 Depths:3
Pandemonium: Depths:2
Ziggurat: Depths:1

Annotations:
Hell Geryon


Innate Abilities, Weirdness & Mutations

You are very small and have problems with some larger weapons.
You are too small for most types of armour.
You have supernaturally acute eyesight. (SInv)
You cover ground extremely quickly. (Speed+++)
You possess an exceptional clarity of mind.
Your magical capacity is low. (-10% MP)
You are strong-willed. (Will+)
You occasionally shout uncontrollably at your foes.
Potions are less effective at restoring your health.
You are vulnerable to cold. (rC-)
Your spells are a little easier to cast, but a little less powerful.
You occasionally lose the ability to drink potions when taking damage.


Message History

* * * LOW HITPOINT WARNING * * *
Aiming: Iceblast
Press: ? - help, Shift-Dir - straight line, f - orb of fire, p - orb of fire
Aim: an orb of fire (heavily damaged)
The mass of ice explodes!
The iceblast engulfs the orb of fire!
The orb of fire partially resists.
The orb of fire is severely damaged.
The iceblast engulfs the orb of fire!!
The orb of fire partially resists.
The orb of fire is heavily damaged.
The iceblast engulfs the orb of fire!!
The orb of fire partially resists.
The orb of fire is severely damaged.
You feel stable enough to blink again.
The orb of fire emits a lurid red light.
The bolt of fire hits the orb of fire.
The orb of fire completely resists.
The bolt of fire hits you!! You resist.
* * * LOW HITPOINT WARNING * * *
The orb of fire glows bright magenta.
Strange energies course through your body.
Your thoughts seem clearer.
Okay, then.
Saving game... please wait.
Welcome back, monsoonserge the Spriggan Hunter.
Okawaru says: Bring me glory in combat!
Press ? for a list of commands and other information.
Okay, then.
Okay, then.
Okay, then.
Okay, then.
Blink to where?
Press: ? - help, Dir - move target
As you read the scroll of blinking, it crumbles to dust.
Blink to where?
Press: ? - help, Dir - move target
As you read the scroll of blinking, it crumbles to dust.
The orb of fire glows deep purple.
The fireball explodes!
The fireball engulfs you! You resist.
* * * LOW HITPOINT WARNING * * *
The orb of fire glows yellow.
The fireball explodes!
The fireball engulfs you!! You resist.
You die...

############..).[).....##########
⌠.............[.####..[*).).<...#
................# #....)..*....#
................# #............#
.........*......# #............#
.......*.**..)..# #..........).#
.......d.......[# #............#
................####............#
###.....#####..<@.####....#######
#[....# #.....# #....# #.....#
#.....# #....# #.....# #...⌠.#
#....# #.....# #.....# #....#
#.....# #.....# #....# #######
####### ######


You could see 3 orbs of fire.

Vanquished Creatures
  the Royal Jelly (Slime:5)
  Tiamat (Zot:5)
  3 orbs of fire
  A dread lich (Depths:2)
  2 ancient liches
  Sojobo (Depths:4)
  Parghit (Zot:2)
  A Killer Klown (Zot:3)
  Bai Suzhen (Swamp:3)
  Saint Roka (Depths:1)
  The ghost of Alunk the Bludgeoner, a legendary GnFi of Cheibriados (Zot:2)
  the Lernaean hydra (Swamp:4)
  The ghost of DizzySkin the Executioner, a veteran MiBe of Trog (Vaults:1)
  The ghost of Poanarph the Slayer, a veteran GrVM of Kikubaaqudgha (Depths:1)
  5 golden dragons
  2 doom hounds (Zot:3)
  9 tentacled monstrosities
  An electric golem (WizLab)
  10 Orb Guardians
  Grunn (Zot:3)
  3 liches
  A deep elf blademaster (Elf:3)
  5 quicksilver dragons
  3 titans
  2 deep elf master archers (Elf:3)
  18 acid blobs
  Gastronok (D:9)
  2 ancient champions
  Frances (Snake:1)
  6 sphinxes
  2 thorn hunters
  4 death cobs
  7 shadow dragons
  6 tengu reavers
  The ghost of Pail the Slicer, an adept VSVM of Uskayaw (Vaults:3)
  12 storm dragons
  5 nagarajas
  A revenant (Crypt:1)
  A fenstrider witch (Depths:2)
  20 rockslimes
  16 azure jellies
  4 draconian knights
  2 draconian monks
  13 frost giants
  A ghost moth (Zot:2)
  8 draconian scorchers
  4 deep elf sorcerers (Elf:3)
  12 fire giants
  An iron dragon (Vaults:5)
  A balrug (Depths:3)
  25 vault wardens
  2 curse skulls (Crypt:1)
  A spriggan defender (Depths:1)
  Aizul (Elf:1)
  15 ironbound preservers
  2 draconian stormcallers
  2 draconian shifters
  A juggernaut skeleton (Crypt:1)
  8 draconian annihilators
  3 deep elf elementalists
  8 quicksilver oozes
  3 orc warlords
  4 war gargoyles
  A broodmother (shapeshifter) (Vaults:5)
  18 very ugly things
  20 ironbound thunderhulks
  5 deep elf demonologists
  A minotaur (Vaults:1)
  17 stone giants
  Azrael (D:14)
  11 deep elf annihilators
  8 white draconians
  11 green draconians
  11 vampire knights
  11 yellow draconians
  5 eleionomae
  14 dire elephants
  8 black draconians
  7 red draconians
  8 purple draconians
  7 bunyips
  2 spark wasps (Depths:3)
  An eidolon (Crypt:1)
  9 ettins
  9 deep elf death magi
  5 crystal guardians
  3 merfolk javelineers (Vaults:1)
  3 entropy weavers
  Josephine (D:11)
  3 fire dragons
  A fenstrider witch zombie (Crypt:1)
  A shambling mangrove (Swamp:1)
  11 yaktaur captains
  16 great orbs of eyes
  4 jiangshi (Crypt:1)
  Fannar (D:11)
  7 deep elf high priests
  39 vault guards
  2 rakshasas
  7 ice dragons
  A juggernaut simulacrum (Depths:1)
  A spriggan air mage (Depths:2)
  5 salamander tyrants
  An ogre mage (Vaults:5)
  13 peacekeepers
  13 centaur warriors
  3 caustic shrike simulacra (IceCv)
  Erica (D:8)
  2 ghost crabs
  28 hydras
  Erolcha (D:9)
  3 death knights
  An alligator (shapeshifter) (Vaults:5)
  7 ironbound frosthearts
  6 anacondas
  3 two-headed ogres
  An anaconda (shapeshifter) (Vaults:5)
  19 naga warriors
  9 alligators
  2 deep troll shamans
  6 boulder beetles
  32 dancing weapons
  6 tengu warriors
  3 hell hogs (Depths:3)
  11 death yaks
  2 spriggan berserkers
  An orc high priest (Elf:1)
  9 shock serpents
  The ghost of middlethird the Grappler, a journeyman VSTm of Cheibriados (Lair:1)
  14 hell knights
  5 vampire magi
  9 naga sharpshooters
  3 soul eaters (Depths:3)
  Sonja (D:11)
  10 spriggans
  5 sun demons (Depths:3)
  25 deep elf knights
  A skyshark (shapeshifter) (Elf:3)
  Amaemon (Lair:1)
  An iron troll (Depths:1)
  3 skysharks (Lair:4)
  3 wretched stars (D:15)
  8 salamander mystics
  37 deep trolls
  19 skeletal warriors
  5 cherubim (D:15)
  A storm dragon skeleton (Vaults:2)
  4 bog bodies
  5 flayed ghosts
  5 naga ritualists
  5 goliath frogs
  12 swamp dragons
  7 glowing orange brains
  A glowing orange brain (shapeshifter) (Vaults:5)
  A spriggan druid (Swamp:4)
  2 orange crystal statues (IceCv)
  An anaconda skeleton (Crypt:1)
  7 wizards
  A steelbarb worm (shapeshifter) (Vaults:5)
  6 necromancers
  5 orc knights
  4 lindwurms
  13 deep elf archers
  36 deep elf pyromancers
  26 ironbound convokers
  9 harpies
  21 deep elf zephyrmancers
  5 phantasmal warriors
  13 ugly things
  9 shining eyes
  7 mana vipers
  3 orc sorcerers
  A cyclops (D:12)
  2 sphinx skeletons (Vaults:2)
  4 manticores
  3 will-o-the-wisps
  16 salamanders
  15 moths of wrath
  A frost giant skeleton (Vaults:2)
  Maurice (D:9)
  127 slime creatures
  32 black mambas
  15 vault sentinels
  3 rust devils (Depths:3)
  6 elephants (Lair:3)
  A black mamba (shapeshifter) (Elf:2)
  8 guardian serpents
  2 torpor snails
  12 naga magi
  5 smoke demons (Depths:3)
  An ice statue (Lair:5)
  A molten gargoyle (WizLab)
  7 eyes of devastation
  6 gargoyles
  A hellion (Depths:3)
  9 cane toads
  12 komodo dragons
  An orange demon (Lair:1)
  A pale draconian zombie (Crypt:1)
  6 freezing wraiths
  A grey draconian skeleton (Crypt:1)
  A golden dragon simulacrum (IceCv)
  5 tengu conjurers
  2 efreet
  33 yaktaurs
  4 anaconda simulacra (IceCv)
  An unseen horror skeleton (D:8)
  A green draconian skeleton (Crypt:1)
  2 yaktaur skeletons (Vaults:2)
  23 polar bears
  2 meliai (shapeshifter)
  2 trolls
  3 meliai (D:14)
  2 catoblepas skeletons
  9 tyrant leeches
  Grinder (D:4)
  A hellwing (Depths:2)
  11 blink frogs
  A harpy skeleton (Crypt:1)
  8 hornets
  A wolf spider simulacrum (D:13)
  2 raiju (Lair:5)
  A fire dragon skeleton (Crypt:1)
  A centaur simulacrum (D:14)
  2 ettin skeletons (Vaults:2)
  9 wraiths
  A shadow (D:11)
  5 flying skulls (Crypt:2)
  A wyvern (shapeshifter) (Vaults:5)
  A dire elephant simulacrum (IceCv)
  6 water elementals
  5 air elementals
  An ice dragon skeleton (Crypt:2)
  2 vampires
  6 wyverns
  60 yaks
  6 fire elementals
  17 golden eyes
  4 basilisks
  A redback (Vaults:2)
  7 vampire mosquitoes
  6 wargs
  Menkaure (D:5)
  2 steam dragons
  35 nagas
  23 swamp worms
  20 hell hounds
  An acid dragon (D:11)
  11 water moccasins
  2 floating eyes
  36 orc warriors
  2 hydra simulacra (IceCv)
  2 ettin simulacra (IceCv)
  A black bear (shapeshifter) (D:14)
  A faun skeleton (Crypt:1)
  9 ice beasts
  A swamp dragon zombie (Crypt:1)
  9 swamp drakes
  17 black bears
  7 ogres
  A boggart (Vaults:4)
  22 wolves
  10 centaurs
  A phantom (D:6)
  4 kobold brigands
  6 earth elementals
  11 bullfrogs
  2 gnoll sergeants
  3 scorpions
  7 human skeletons (Vaults:2)
  A wyvern zombie (D:8)
  3 lindwurm simulacra (IceCv)
  A troll zombie (Ossuary)
  5 killer bees (D:11)
  7 electric eels
  5 howler monkeys
  3 lava snakes (Lair:2)
  A crimson imp (D:5)
  11 jellies
  Crazy Yiuf (D:3)
  3 centaur zombies
  8 hounds
  2 centaur skeletons
  11 orc priests
  3 sleepcaps
  4 gnoll boudas
  3 iguanas
  21 orc wizards
  2 hell rats (Depths:3)
  Terence (D:2)
  2 lightning spires (WizLab)
  2 ogre zombies (Ossuary)
  A sky beast zombie (Crypt:2)
  A hound skeleton (Crypt:2)
  7 mummies (Ossuary)
  28 gnolls
  10 adders
  A river rat (Sewer)
  A shadow imp (D:6)
  7 white imps
  An ufetubus (D:6)
  4 adder zombies (Ossuary)
  An adder skeleton (Crypt:2)
  6 worms
  4 dart slugs
  62 orcs
  9 ball pythons
  19 endoplasms
  11 giant cockroaches
  A gnoll zombie (Ossuary)
  7 hobgoblins
  9 jackals
  3 quokkas
  4 bats
  4 frilled lizards
  6 goblins
  A goblin skeleton (Crypt:1)
  5 goblin zombies (Ossuary)
  2 hobgoblin zombies (Ossuary)
  27 kobolds
  4 kobold zombies (Ossuary)
  An orc zombie (Ossuary)
  6 quokka zombies (Ossuary)
  11 rats
  2 rat zombies (Ossuary)
  A fire vortex (Depths:3)
2293 creatures vanquished.

Vanquished Creatures (others)
  A deep elf sorcerer (Vaults:5)
  A deep elf knight (Elf:2)
  A deep elf pyromancer (Elf:2)
  An orc warrior (Orc:2)
  A centaur (Orc:2)
  An orc (Orc:2)
  4 foxfires (Swamp:3)
10 creatures vanquished.

Grand Total: 2303 creatures vanquished

Notes
Turn   | Place    | Note
-------+----------+-------------------------------------------
     0 | D:1      | monsoonserge the Spriggan Hunter began the quest for the
                  | Orb.
     0 | D:1      | Reached XP level 1. HP: 10/10 MP: 2/2
    87 | D:1      | Reached XP level 2. HP: 9/15 MP: 3/3
   347 | D:1      | Found Otozxong's Book Shoppe.
   694 | D:1      | Reached XP level 3. HP: 18/18 MP: 4/4
  1007 | D:2      | Reached skill level 5 in Ranged Weapons
  1034 | D:2      | Noticed Terence
  1056 | D:2      | Killed Terence
  1057 | D:2      | Reached skill level 2 in Fighting
  1057 | D:2      | Reached XP level 4. HP: 23/23 MP: 5/5
  1278 | D:2      | Learned a level 2 spell: Blink
  1604 | D:3      | Reached XP level 5. HP: 16/27 MP: 6/6
  1702 | D:3      | Found a glowing drain.
  1771 | Sewer    | Entered a sewer
  1936 | Sewer    | Reached XP level 6. HP: 32/32 MP: 7/7
  1940 | Sewer    | Found a viscous altar of Jiyva.
  2153 | D:3      | Found the +7 Throatcutter {drain, coup de grace}
  2611 | D:3      | Found a runed translucent door.
  2612 | D:3      | Noticed Crazy Yiuf
  2874 | D:3      | Killed Crazy Yiuf
  2944 | D:4      | Found a sand-covered staircase.
  2949 | D:4      | Noticed Grinder
  2959 | D:3      | Reached XP level 7. HP: 35/35 MP: 8/8
  2974 | D:3      | Reached skill level 3 in Fighting
  2981 | D:4      | Killed Grinder
  3029 | Ossuary  | Entered an ossuary
  3597 | Ossuary  | Reached XP level 8. HP: 41/41 MP: 9/9
  3694 | D:4      | Found Delastrim's Jewellery Boutique.
  4066 | D:4      | Reached skill level 4 in Fighting
  4554 | D:5      | Entered Level 5 of the Dungeon
  4591 | D:5      | Found Winusuon's Magic Scroll Emporium.
  4597 | D:5      | Bought a scroll of teleportation for 30 gold pieces
  4662 | D:5      | Reached skill level 1 in Translocations
  4695 | D:5      | Found a staircase to the Ecumenical Temple.
  4728 | D:5      | Reached skill level 1 in Spellcasting
  4784 | D:5      | Reached skill level 10 in Ranged Weapons
  4786 | Temple   | Entered the Ecumenical Temple
  4916 | D:5      | Noticed Menkaure
  5061 | D:5      | Killed Menkaure
  5197 | D:5      | Found a burning altar of Makhleb.
  5197 | D:5      | Found a shimmering altar of Xom.
  5637 | D:5      | Reached XP level 9. HP: 46/46 MP: 13/13
  5666 | D:5      | Found a sacrificial altar of Ru.
  5695 | D:5      | Found an iron altar of Okawaru.
  5700 | D:5      | Became a worshipper of Warmaster Okawaru
  6045 | D:6      | Reached skill level 1 in Invocations
  6419 | D:6      | Reached skill level 5 in Fighting
  6479 | D:6      | Found Ihaoc's Assorted Antiques.
  6496 | D:6      | Bought a glowing cloak for 172 gold pieces
  6961 | D:6      | Reached * piety under Okawaru
  7108 | D:7      | Noticed a +0 hand axe
  7109 | D:7      | Found Siys's Assorted Antiques.
  7109 | D:7      | Found a hide-covered altar of Uskayaw.
  7109 | D:7      | Noticed a +0 hand axe
  7482 | D:7      | Reached ** piety under Okawaru
  7604 | D:7      | Reached XP level 10. HP: 53/53 MP: 14/14
  7678 | D:7      | Reached skill level 5 in Dodging
  8420 | D:8      | Noticed Erica
  8569 | D:8      | Found a transporter.
  8587 | D:8      | Found a transporter.
  8588 | D:8      | Found an ancient bone altar of Kikubaaqudgha.
  8598 | D:8      | Noticed a death knight
  8737 | D:9      | Noticed Maurice
  8785 | D:8      | Noticed a death knight
  8786 | D:8      | Found a basalt altar of Yredelemnul.
  8821 | D:8      | Reached skill level 6 in Fighting
  8853 | D:8      | Found a bloodstained altar of Trog.
  8938 | D:9      | Reached *** piety under Okawaru
  8994 | D:9      | Noticed a tengu warrior
  9229 | D:9      | Noticed Gastronok
  9267 | D:9      | Reached **** piety under Okawaru
  9364 | D:9      | Found a staircase to the Orcish Mines.
  9391 | D:9      | Noticed Erolcha
  9396 | Orc:1    | Entered Level 1 of the Orcish Mines
  9396 | Orc:1    | Noticed an orc sorcerer
  9800 | D:7      | Killed a tengu warrior
  9801 | D:7      | Reached XP level 11. HP: 58/58 MP: 15/15
  9831 | D:8      | Killed Erica
  9847 | D:8      | HP: 1/58 [efreet/bolt of fire (31)]
 10031 | D:9      | Killed Maurice
 10032 | D:9      | Reached skill level 7 in Fighting
 10032 | D:9      | Reached skill level 5 in Stealth
 10134 | D:9      | Found Dot Pary's Island Escapes.
 10258 | D:9      | Killed Gastronok
 10622 | D:10     | Entered Level 10 of the Dungeon
 11003 | D:7      | Bought a viscous green potion for 21 gold pieces
 11003 | D:7      | Bought a red potion for 21 gold pieces
 11086 | D:10     | Noticed a two-headed ogre
 11104 | D:10     | Killed a two-headed ogre
 11373 | D:10     | Reached ***** piety under Okawaru
 11445 | D:9      | Killed Erolcha
 11472 | D:9      | Reached skill level 5 in Invocations
 11726 | D:10     | Found a staircase to the Lair.
 11843 | D:10     | Identified 2 scrolls of acquirement
 11845 | D:10     | Acquired the +9 arbalest of Ycucagg {freeze, rF++ Int-5}
 11849 | D:10     | Acquired a manual of Fighting
 11856 | Lair:1   | Entered Level 1 of the Lair of Beasts
 11864 | Lair:1   | Reached skill level 8 in Fighting
 11872 | D:10     | Identified the +0 robe of the Beekeeper {Str+3 Int+2}
                  | (Okawaru gifted it to you on level 10 of the Dungeon)
 11872 | D:10     | Received a gift from Okawaru
 12141 | Lair:1   | Reached skill level 9 in Fighting
 12143 | Lair:1   | Reached skill level 15 in Ranged Weapons
 12161 | Lair:1   | Reached XP level 12. HP: 66/66 MP: 17/17
 12237 | Lair:1   | Noticed Amaemon
 12268 | Lair:1   | Killed Amaemon
 12269 | Lair:1   | Reached skill level 10 in Fighting
 12698 | Lair:1   | Found a runed translucent gate.
 12698 | Lair:1   | Found a runed translucent gate.
 12698 | Lair:1   | Found a runed translucent gate.
 12700 | Lair:1   | Noticed a great orb of eyes
 12701 | Lair:1   | Noticed middlethird's ghost (journeyman VSTm)
 12777 | Lair:1   | Found a viscous altar of Jiyva.
 12883 | Lair:2   | Noticed a death yak
 12897 | Lair:2   | Killed a death yak
 12897 | Lair:2   | Noticed a death yak
 13064 | Lair:2   | Noticed a death yak
 13068 | Lair:2   | Noticed a death yak
 13069 | Lair:2   | Noticed a death yak
 13072 | Lair:2   | Noticed a death yak
 13085 | Lair:2   | Killed a death yak
 13086 | Lair:2   | Reached skill level 11 in Fighting
 13099 | Lair:2   | Killed a death yak
 13104 | Lair:2   | Killed a death yak
 13114 | Lair:2   | Killed a death yak
 13119 | Lair:2   | Reached skill level 12 in Fighting
 13150 | Lair:2   | Killed a death yak
 13150 | Lair:2   | Received a gift from Okawaru
 13250 | Lair:2   | Found a staircase to the Snake Pit.
 13345 | Lair:2   | Reached skill level 13 in Fighting
 13363 | Lair:2   | Noticed an eight-headed hydra
 13371 | Lair:2   | Killed an eight-headed hydra
 13393 | Lair:2   | Noticed a four-headed hydra
 13394 | Lair:2   | Found a staircase to the Swamp.
 13404 | Lair:2   | Killed a four-headed hydra
 13790 | Lair:3   | Noticed a six-headed hydra
 13792 | Lair:3   | Killed a six-headed hydra
 13812 | Lair:3   | Reached XP level 13. HP: 77/77 MP: 19/19
 13974 | Lair:3   | Reached skill level 14 in Fighting
 14257 | Lair:3   | Identified the +1 arbalest of Crystal {heavy, Drain rF+
                  | Str+6 Dex+3} (Okawaru gifted it to you on level 3 of the
                  | Lair of Beasts)
 14257 | Lair:3   | Received a gift from Okawaru
 14605 | Lair:4   | Found a viscous altar of Jiyva.
 14607 | Lair:4   | Found a staircase to the Slime Pits.
 15348 | Lair:5   | Entered Level 5 of the Lair of Beasts
 15516 | Lair:4   | Reached ****** piety under Okawaru
 15535 | Lair:4   | Reached skill level 15 in Fighting
 15569 | Lair:4   | Received a gift from Okawaru
 16598 | Lair:1   | Killed middlethird's ghost
 16616 | Lair:1   | Reached XP level 14. HP: 86/86 MP: 21/21
 16843 | D:8      | Identified the ring "Dumuix" {rC+ rCorr}
 16945 | D:8      | Got the Precepts of the Postmortem Winter
 17114 | D:11     | Noticed Sonja
 17123 | D:11     | Killed Sonja
 17190 | D:11     | Noticed Fannar
 17198 | D:11     | Killed Fannar
 17434 | D:11     | Reached skill level 16 in Fighting
 17703 | D:11     | Noticed Josephine
 17710 | D:11     | Killed Josephine
 18056 | D:12     | Identified the +4 fire dragon scales of the Salamander
                  | {rPois rF++ rC- Str+3 Dex+2} (Okawaru gifted it to you on
                  | level 12 of the Dungeon)
 18056 | D:12     | Received a gift from Okawaru
 19151 | Orc:1    | Reached skill level 1 in Armour
 19276 | Orc:2    | Entered Level 2 of the Orcish Mines
 19276 | Orc:2    | Found a staircase to the Elven Halls.
 19990 | Orc:1    | Reached skill level 10 in Dodging
 20954 | Orc:2    | Noticed an orc warlord
 20968 | Orc:1    | Killed an orc warlord
 21545 | Orc:2    | Found Loroicw's Magic Scroll Emporium.
 21545 | Orc:2    | Found Uskiejeru's Weapon Boutique.
 21547 | Orc:2    | Found Zujum's Assorted Antiques.
 21549 | Orc:2    | Found Zaodeggi's Jewellery Shoppe.
 21561 | Orc:2    | Bought 5 curare-tipped darts for 96 gold pieces
 21748 | Orc:1    | Found Buphi's Antique Armour Shop.
 22569 | D:9      | Bought a scroll of blinking for 97 gold pieces
 22569 | D:9      | Bought a scroll of blinking for 97 gold pieces
 22569 | D:9      | Bought a scroll of blinking for 97 gold pieces
 22569 | D:9      | Bought a scroll of blinking for 97 gold pieces
 23153 | D:13     | Reached skill level 1 in Evocations
 23249 | D:14     | Received a gift from Okawaru
 23369 | D:14     | Received a gift from Okawaru
 23421 | D:13     | Reached XP level 15. HP: 70/93 MP: 23/23
 23552 | D:14     | Noticed Azrael
 23634 | D:14     | Reached skill level 17 in Fighting
 23799 | D:14     | Found a gate to the Vaults.
 23971 | D:14     | Reached skill level 10 in Invocations
 24357 | D:14     | Killed Azrael
 24379 | D:15     | Entered Level 15 of the Dungeon
 24494 | D:15     | Found a staircase to the Depths.
 24725 | D:15     | Identified the +2 pair of boots "Vautuy" {rC+ rN+ MP-9
                  | Dex+7}
 24878 | D:15     | Found the +1 cloak of Starlight {*Dazzle EV+4 Stlth--}
 25014 | D:15     | Identified the +0 robe "Pufokku" {rC+ Str+2 Int+2 Dex+2}
                  | (Okawaru gifted it to you on level 15 of the Dungeon)
 25014 | D:15     | Received a gift from Okawaru
 26127 | Lair:5   | Identified the +0 leather armour "Botwo" {Dex+2}
 26129 | Lair:5   | Identified the +3 leather armour of the Other World {Fly
                  | rF+++ Int+3 Dex-2}
 26133 | Lair:5   | Got the Meditations on the Jinx
 26247 | Lair:5   | Learned a level 3 spell: Portal Projectile
 26321 | Lair:5   | Reached skill level 1 in Hexes
 27060 | Swamp:1  | Entered Level 1 of the Swamp
 27109 | Swamp:1  | Identified the staff of air "Somaus" {rElec rF+ SInv}
 27404 | Swamp:1  | Found a transporter.
 27429 | Swamp:1  | Found a transporter.
 27508 | Swamp:1  | Identified the +5 demon trident of Okawaru's Displeasure
                  | {drain, rPois} (Okawaru gifted it to you on level 1 of the
                  | Swamp)
 27508 | Swamp:1  | Received a gift from Okawaru
 27617 | Swamp:1  | Reached XP level 16. HP: 100/100 MP: 25/25
 27833 | Swamp:1  | HP: 2/100 [some lava collision (18)]
 27837 | Swamp:1  | Gained mutation: You are frail. (-10% HP) [mutagenic glow]
 27848 | Swamp:1  | Identified the amulet of Vefuf {Spirit Fly rF+ SInv}
 27866 | Swamp:1  | Identified the +0 pair of gloves "Fatym" {Str+3}
 27870 | Swamp:1  | Gained mutation: You are occasionally teleported next to
                  | monsters. [mutagenic glow]
 27873 | Swamp:1  | Lost mutation: You are frail. (-10% HP) [potion of
                  | mutation]
 27873 | Swamp:1  | Lost mutation: You are occasionally teleported next to
                  | monsters. [potion of mutation]
 27873 | Swamp:1  | Gained mutation: You have sharp toenails. [potion of
                  | mutation]
 27873 | Swamp:1  | Gained mutation: You are frail. (-10% HP) [potion of
                  | mutation]
 27873 | Swamp:1  | Gained mutation: You have a pair of small antennae on your
                  | head. [potion of mutation]
 28114 | Swamp:1  | Reached skill level 18 in Fighting
 28137 | Swamp:2  | Noticed a thorn hunter
 28150 | Swamp:2  | Killed a thorn hunter
 28398 | Swamp:2  | Reached skill level 5 in Translocations
 28886 | Swamp:3  | Noticed Bai Suzhen
 29252 | Swamp:3  | Killed Bai Suzhen
 29459 | Swamp:3  | Got Sif Muna's Grimoire of Amassed Translocation
 29580 | Swamp:4  | Entered Level 4 of the Swamp
 29593 | Swamp:4  | Identified the +5 robe "Enifrit" {Str+4 Slay+3} (Okawaru
                  | gifted it to you on level 4 of the Swamp)
 29593 | Swamp:4  | Received a gift from Okawaru
 29648 | Swamp:4  | Reached skill level 5 in Evocations
 30502 | Swamp:4  | Noticed the 27-headed Lernaean hydra
 30512 | Swamp:4  | Killed the 27-headed Lernaean hydra
 30513 | Swamp:4  | Reached skill level 10 in Stealth
 30634 | Swamp:4  | Got a decaying rune of Zot
 30959 | Snake:1  | Entered Level 1 of the Snake Pit
 31041 | Snake:1  | Got the Annotations on the Catacomb
 31062 | Snake:1  | Reached XP level 17. HP: 94/94 MP: 26/26
 31177 | Snake:1  | Identified the +0 hat of the Original Sin {Dex+3} (Okawaru
                  | gifted it to you on level 1 of the Snake Pit)
 31177 | Snake:1  | Received a gift from Okawaru
 31505 | Snake:1  | Noticed Frances
 31515 | Snake:1  | Killed Frances
 31592 | Snake:1  | Found Upautte's Distillery.
 31604 | Snake:1  | Found Eserhoba's Jewellery Boutique.
 31607 | Snake:1  | Found Mozooc's Magic Scroll Shop.
 31849 | Snake:2  | Found a transporter.
 31853 | Snake:2  | Found a transporter.
 32515 | Snake:2  | Noticed a tentacled monstrosity
 32520 | Snake:2  | Killed a tentacled monstrosity
 32624 | Snake:2  | Identified the +8 quarterstaff of Xaontep {speed, rElec
                  | Int+2}
 32745 | Snake:2  | Found a hide-covered altar of Uskayaw.
 32769 | Snake:2  | Identified the +0 hat "Seheidd" {Fly} (Okawaru gifted it to
                  | you on level 2 of the Snake Pit)
 32769 | Snake:2  | Received a gift from Okawaru
 32791 | Snake:2  | Found a transporter.
 32808 | Snake:2  | Found a transporter.
 32819 | Snake:2  | Found a transporter.
 32824 | Snake:2  | Found a transporter.
 33727 | Snake:2  | Reached skill level 19 in Fighting
 34440 | Snake:4  | Entered Level 4 of the Snake Pit
 34711 | Snake:4  | Reached XP level 18. HP: 89/100 MP: 23/27
 35162 | Snake:4  | Received a gift from Okawaru
 35162 | Snake:4  | Found the +6 arbalest "Damnation" {damnation}
 35428 | Snake:4  | Reached skill level 20 in Fighting
 35556 | Snake:4  | Reached skill level 15 in Dodging
 35642 | Snake:4  | Got a serpentine rune of Zot
 35811 | Snake:4  | Identified the +14 shadow dragon scales of the Solemn God
                  | {Int+5 Stlth++++} (Okawaru gifted it to you on level 4 of
                  | the Snake Pit)
 35811 | Snake:4  | Received a gift from Okawaru
 36441 | Vaults:1 | Entered Level 1 of the Vaults
 36664 | Vaults:1 | You are sucked into a shaft and drop 1 floor!
 36826 | Vaults:2 | Found a portal to a secret trove of treasure.
 36945 | Vaults:2 | Found Cics's Armour Shoppe.
 37018 | Vaults:2 | Reached skill level 21 in Fighting
 37059 | Vaults:2 | Found a magical portal.
 37079 | Vaults:2 | Learned a level 4 spell: Passage of Golubria
 37081 | WizLab   | Entered Maxwell's Workshop
 37086 | WizLab   | Received a gift from Okawaru
 37181 | WizLab   | Reached XP level 19. HP: 95/108 MP: 25/28
 37524 | WizLab   | Identified the +9 scale mail of Shadows and Fog {rPois rF+
                  | rN+ Dex-5}
 37529 | WizLab   | Noticed an electric golem
 37535 | WizLab   | Killed an electric golem
 37728 | Vaults:1 | Identified the +0 robe "Feumpofe" {rElec rPois rF+}
                  | (Okawaru gifted it to you on level 1 of the Vaults)
 37728 | Vaults:1 | Received a gift from Okawaru
 38193 | Vaults:1 | Found a runed translucent gate.
 38194 | Vaults:1 | Found a runed translucent gate.
 38194 | Vaults:1 | Found a runed translucent gate.
 38194 | Vaults:1 | Noticed DizzySkin's ghost (veteran MiBe)
 38387 | Vaults:1 | Found Boylin's Assorted Antiques.
 38617 | Vaults:1 | Found an iron altar of Okawaru.
 39180 | Vaults:2 | Found a staircase to the Crypt.
 39849 | Vaults:2 | Reached skill level 22 in Fighting
 39994 | Vaults:3 | Received a gift from Okawaru
 40376 | Vaults:3 | Found Archic's Weapon Boutique.
 40816 | Vaults:3 | Received a gift from Okawaru
 41070 | Vaults:3 | Reached XP level 20. HP: 115/115 MP: 29/29
 41105 | Vaults:3 | Found a runed translucent door.
 41214 | Vaults:3 | Noticed Pail's ghost (adept VSVM)
 41215 | Vaults:3 | Found a transporter.
 41217 | Vaults:3 | Found a transporter.
 41581 | Vaults:3 | Reached skill level 23 in Fighting
 41747 | Vaults:4 | Received a gift from Okawaru
 42280 | Vaults:4 | Received a gift from Okawaru
 43038 | Vaults:4 | Received a gift from Okawaru
 43052 | Vaults:4 | Noticed a golden dragon
 43084 | Vaults:4 | Killed a golden dragon
 43394 | Vaults:1 | Killed DizzySkin's ghost
 43818 | Vaults:1 | Got the Compendium of the Unified Quake
 43942 | Vaults:3 | Reached skill level 24 in Fighting
 43949 | Vaults:3 | Killed Pail's ghost
 44170 | Vaults:3 | Got the Directory of Distorted Doom
 44172 | Vaults:3 | Identified the +0 barding of the Salamander {Rampage rPois
                  | Int-3 Dex+6}
 44377 | Depths:1 | Entered Level 1 of the Depths
 44377 | Depths:1 | Found a one-way gateway to a ziggurat.
 44465 | Depths:1 | Found a runed translucent door.
 44478 | Depths:1 | Found an ancient bone altar of Kikubaaqudgha.
 44582 | Depths:1 | Got the Anthology of Remoulded Infection
 44671 | Depths:1 | Found a runed translucent door.
 44675 | Depths:1 | Noticed an ancient lich
 44677 | Depths:1 | Noticed Poanarph's ghost (veteran GrVM)
 44711 | Depths:1 | Noticed Saint Roka
 44718 | Depths:1 | Killed Saint Roka
 44724 | Depths:1 | Found a one-way gate to the infinite horrors of the Abyss.
 44833 | Depths:1 | Reached XP level 21. HP: 122/122 MP: 30/30
 45086 | Depths:1 | Found a gateway to Hell.
 46135 | Depths:2 | Noticed a dread lich
 46136 | Depths:2 | Received a gift from Okawaru
 46151 | Depths:2 | Killed a dread lich
 46158 | Depths:2 | Received a gift from Okawaru
 46276 | Depths:2 | Identified the +0 short sword of Dissatisfaction {freeze,
                  | Dex+5 Stlth+}
 46299 | Depths:2 | Found a one-way gate leading to the halls of Pandemonium.
 46617 | Depths:3 | Found Wakh's Antique Armour Shop.
 46641 | Depths:3 | Found a transporter.
 46643 | Depths:3 | Found a transporter.
 46671 | Depths:3 | Identified the +6 halberd of the Thieving Coward {freeze,
                  | rPois Int+5}
 46880 | Depths:3 | Noticed a golden dragon
 47404 | Depths:3 | Killed a golden dragon
 47428 | Depths:3 | Found a viscous altar of Jiyva.
 47751 | Depths:3 | Identified the +11 demon trident "Ycoleel" {pain, rN+ Will+
                  | rCorr Dex+3}
 48041 | Depths:4 | Entered Level 4 of the Depths
 48412 | Depths:4 | Noticed Sojobo
 48435 | Depths:4 | Paralysed by an air elemental for 1 turns
 48439 | Depths:4 | Paralysed by an air elemental for 1 turns
 48483 | Depths:4 | Killed Sojobo
 48804 | Depths:4 | Found a gate to the Realm of Zot.
 48826 | Depths:4 | Found a broken altar of Ashenzari.
 49481 | Depths:4 | Identified the +1 swamp dragon scales of Autotheism {Harm
                  | rElec rPois} (Okawaru gifted it to you on level 4 of the
                  | Depths)
 49481 | Depths:4 | Received a gift from Okawaru
 49484 | Depths:4 | Reached skill level 25 in Fighting
 50147 | Vaults:2 | You paid a toll of a +5 demon whip to enter a treasure
                  | trove
 50148 | Trove    | Entered a treasure trove
 50306 | Vaults:5 | Entered Level 5 of the Vaults
 50480 | Vaults:4 | Reached XP level 22. HP: 116/129 MP: 28/31
 50813 | Vaults:5 | Noticed an ancient lich
 51050 | Vaults:4 | Killed an ancient lich
 51616 | Vaults:5 | Received a gift from Okawaru
 51646 | Vaults:5 | Got a silver rune of Zot
 51690 | Vaults:5 | Reached skill level 10 in Evocations
 51710 | Vaults:5 | Got the Papyrus of the Undead
 51824 | Vaults:5 | Identified the staff of cold "Javviha" {rC+ Will+}
 51889 | Vaults:5 | Noticed a golden dragon
 51912 | Vaults:5 | Killed a golden dragon
 52302 | Vaults:5 | Received a gift from Okawaru
 52307 | Vaults:5 | Identified the +0 scimitar of Karma {speed, Int+2 Dex+2
                  | SInv}
 52408 | Vaults:5 | Identified the +0 scale mail of Inaon {Harm Regen+ Stlth+}
 52676 | Vaults:5 | Identified the +0 war axe "Keuzugg" {freeze, Int+2}
 52690 | Vaults:5 | Acquired 871 gold pieces
 52937 | Vaults:5 | Identified the staff of air "Aminuhil" {rElec Str+2}
 52946 | Vaults:5 | Learned a level 3 spell: Inner Flame
 52975 | Vaults:5 | Identified the staff of fire "Zoin" {rElec rF+ SInv}
 53497 | Depths:1 | Killed an ancient lich
 53515 | Depths:1 | Killed Poanarph's ghost
 53536 | Depths:1 | Reached skill level 1 in Fire Magic
 53638 | Depths:3 | Paralysed by a floating eye for 2 turns
 53734 | Depths:3 | Received a gift from Okawaru
 53759 | Depths:3 | Identified the +0 ring mail of Zibryj {rElec Will+ Dex+4}
 53765 | Depths:3 | Identified the ring of Awe {Fire Str+5}
 53773 | Depths:3 | Got the Lectures on Correspondence
 53842 | Depths:3 | Reached XP level 23. HP: 135/135 MP: 32/32
 53843 | Depths:3 | Reached skill level 5 in Spellcasting
 53843 | Depths:3 | Reached skill level 5 in Hexes
 53843 | Depths:3 | Reached XP level 24. HP: 140/140 MP: 32/32
 53967 | Zot:1    | Entered Level 1 of the Realm of Zot
 54547 | Zot:1    | Reached XP level 25. HP: 144/144 MP: 32/32
 54760 | Zot:1    | Reached skill level 5 in Armour
 55705 | Zot:2    | Received a gift from Okawaru
 55706 | Zot:2    | Reached skill level 15 in Evocations
 55815 | Zot:2    | Identified the +6 short sword of the Known World {holy,
                  | Fly}
 55942 | Zot:2    | Noticed Parghit
 55973 | Zot:2    | Reached skill level 26 in Fighting
 56256 | Zot:2    | Identified the +4 robe of Summer {rElec}
 56441 | Zot:2    | Found a large runed translucent door.
 56442 | Zot:2    | Found a large runed translucent door.
 56445 | Zot:2    | Noticed Alunk's ghost (legendary GnFi)
 56701 | Zot:2    | Killed Parghit
 56839 | Zot:2    | Identified the +5 short sword of Bubbeneb {antimagic,
                  | Int+3}
 56863 | Zot:2    | Killed Alunk's ghost
 56869 | Zot:2    | Learned a level 3 spell: Swiftness
 56875 | Zot:2    | Learned a level 5 spell: Silence
 57171 | Zot:3    | Reached skill level 1 in Air Magic
 57210 | Zot:3    | Noticed a Killer Klown
 57230 | Zot:3    | Killed a Killer Klown
 57616 | Zot:3    | Received a gift from Okawaru
 57617 | Zot:3    | Noticed Grunn
 57631 | Zot:3    | Killed Grunn
 57737 | Zot:3    | Found a transporter.
 57743 | Zot:3    | Found a transporter.
 58629 | Zot:4    | Noticed an orb of fire
 58630 | Zot:4    | Gained mutation: You are weak. (Str -2) [an orb of fire]
 58641 | Zot:3    | Gained mutation: You are very frail. (-20% HP) [an orb of
                  | fire]
 58650 | Zot:3    | Gained mutation: You occasionally shout uncontrollably at
                  | your foes. [an orb of fire]
 58652 | Zot:3    | Killed an orb of fire
 59638 | Zot:4    | Received a gift from Okawaru
 59855 | Zot:5    | Entered Level 5 of the Realm of Zot
 59883 | Zot:5    | Found the +4 dragonskin cloak
 59883 | Zot:5    | Noticed Tiamat
 60241 | Zot:5    | Reached skill level 5 in Air Magic
 60311 | Zot:5    | Killed Tiamat
 60717 | Zot:5    | Received a gift from Okawaru
 60792 | Zot:5    | Noticed an orb of fire
 61354 | Elf:1    | Entered Level 1 of the Elven Halls
 61391 | Elf:1    | Noticed Aizul
 61410 | Elf:1    | Killed Aizul
 61424 | Elf:1    | Reached XP level 26. HP: 127/132 MP: 35/36
 62330 | Elf:1    | Found a radiant altar of Vehumet.
 62658 | Elf:2    | Received a gift from Okawaru
 62702 | Elf:2    | Found a huge runed translucent gate.
 62702 | Elf:2    | Found a huge runed translucent gate.
 62707 | Elf:2    | Found a huge runed translucent gate.
 63026 | Elf:2    | Found a huge runed translucent gate.
 63027 | Elf:2    | Found a huge runed translucent gate.
 63070 | Elf:3    | Entered Level 3 of the Elven Halls
 63142 | Elf:3    | Paralysed by an air elemental for 1 turns
 63353 | Elf:3    | Found a frozen archway.
 63371 | IceCv    | Entered an ice cave
 63511 | IceCv    | Found the +12 pair of quick blades "Gyre" and "Gimble"
                  | {protect}
 63520 | IceCv    | Identified the +5 ring mail "Put-Me-On" {rN+}
 64241 | Elf:3    | Identified the +0 troll leather armour of Huwos {Regen+
                  | Str+2} (Okawaru gifted it to you on level 3 of the Elven
                  | Halls)
 64241 | Elf:3    | Received a gift from Okawaru
 64257 | Elf:3    | Identified the +7 hand axe of Trauma {flame, Str+2}
 64436 | Elf:3    | Identified the +11 fire dragon scales of the Unstoppable
                  | Coins {rF++ rC- rCorr Int+4 Stlth-}
 64465 | Elf:3    | Reached skill level 15 in Stealth
 64550 | Elf:3    | Identified the +5 falchion of Understanding {flame, rN+
                  | Str+6}
 64552 | Elf:3    | Got Kihovu's Quarto of the Sinister Flock
 64555 | Elf:3    | Identified the staff of death "Poidapt" {Drain rPois rN+
                  | Will+ SInv}
 65142 | Elf:2    | Reached skill level 10 in Hexes
 65737 | Slime:1  | Entered Level 1 of the Pits of Slime
 66041 | Lair:4   | Reached skill level 10 in Armour
 67293 | Slime:2  | Identified the +0 hat of the Harvest Moon {rPois SInv}
                  | (Okawaru gifted it to you on level 2 of the Pits of Slime)
 67293 | Slime:2  | Received a gift from Okawaru
 68042 | Slime:3  | Reached skill level 10 in Air Magic
 68583 | Slime:4  | Reached XP level 27. HP: 134/136 MP: 37/37
 68769 | Slime:5  | Entered Level 5 of the Pits of Slime
 68843 | Slime:4  | Gained mutation: Armour fits poorly on your strangely
                  | shaped body. [a shining eye]
 69487 | Slime:5  | Noticed the Royal Jelly
 69508 | Slime:5  | Killed the Royal Jelly
 69569 | Slime:5  | Identified the ring "Lysya" {rPois rC+ rCorr Int+6 Slay-3}
 69577 | Slime:5  | Identified the staff of earth "Muoshrae" {rCorr Stlth+}
 69579 | Slime:5  | Got a slimy rune of Zot
 69602 | Slime:5  | Identified the staff of fire "Rovvoen" {rF+ Will+ Stlth+}
 69612 | Slime:5  | Identified the +6 dagger of Yzast {holy, Will+ Stlth+}
 69615 | Slime:5  | Identified the ring "Saisialapp" {Drain rF+ rN+ Str+2
                  | Int+5}
 69620 | Slime:5  | Identified the +1 short sword of the Hurting Gods {pain,
                  | rC++}
 69631 | Slime:5  | Identified the amulet "Hitec" {Reflect Str+3 SH+5}
 69642 | Slime:5  | Identified the ring "Ytosheg" {Contam rF+++ rN+ MP+9
                  | Stlth+}
 69675 | Slime:5  | Identified the +10 plate armour of Resehaxe {rC+ rN+
                  | Will+++ Int-3}
 69775 | Slime:5  | Lost mutation: You are very frail. (-20% HP) [potion of
                  | mutation]
 69775 | Slime:5  | Lost mutation: You occasionally shout uncontrollably at
                  | your foes. [potion of mutation]
 69775 | Slime:5  | Gained mutation: Your natural rate of healing is unusually
                  | fast. [potion of mutation]
 69776 | Slime:5  | Lost mutation: Your natural rate of healing is unusually
                  | fast. [potion of mutation]
 69776 | Slime:5  | Lost mutation: You are frail. (-10% HP) [potion of
                  | mutation]
 69776 | Slime:5  | Lost mutation: You have sharp toenails. [potion of
                  | mutation]
 69776 | Slime:5  | Gained mutation: You are clumsy. (Dex -2) [potion of
                  | mutation]
 69777 | Slime:5  | Lost mutation: You have a pair of small antennae on your
                  | head. [potion of mutation]
 69777 | Slime:5  | Lost mutation: Armour fits poorly on your strangely shaped
                  | body. [potion of mutation]
 69777 | Slime:5  | Gained mutation: You are covered in fur. (AC +1) [potion of
                  | mutation]
 69777 | Slime:5  | Gained mutation: Your movements are slightly less
                  | encumbered by armour. (ER -2) [potion of mutation]
 69778 | Slime:5  | Lost mutation: You are weak. (Str -2) [potion of mutation]
 69778 | Slime:5  | Lost mutation: Your movements are slightly less encumbered
                  | by armour. (ER -2) [potion of mutation]
 69778 | Slime:5  | Gained mutation: Your muscles are strong. (Str +4, Int/Dex
                  | -1) [potion of mutation]
 69778 | Slime:5  | Gained mutation: You possess an exceptional clarity of
                  | mind. [potion of mutation]
 69778 | Slime:5  | Gained mutation: You occasionally lose the ability to drink
                  | potions when taking damage. [potion of mutation]
 69779 | Slime:5  | Lost mutation: You are covered in fur. (AC +1) [potion of
                  | mutation]
 69779 | Slime:5  | Lost mutation: You are clumsy. (Dex -2) [potion of
                  | mutation]
 69779 | Slime:5  | Lost mutation: You occasionally lose the ability to drink
                  | potions when taking damage. [potion of mutation]
 69779 | Slime:5  | Lost mutation: You possess an exceptional clarity of mind.
                  | [potion of mutation]
 70306 | Crypt:1  | Entered Level 1 of the Crypt
 71175 | Crypt:1  | Identified the +2 ring mail of Ignis's Favour {rCorr Str+2
                  | Dex+3}
 71398 | Crypt:1  | Identified the ring "Umoesue" {Fly rElec rC- Int+4}
 72167 | Hell     | Entered the Vestibule of Hell
 72167 | Hell     | Noticed Geryon
 72360 | Depths:3 | Received a gift from Okawaru
 72797 | Zot:4    | Killed an orb of fire
 72818 | Zot:5    | Noticed an orb of fire
 72819 | Zot:5    | Noticed an orb of fire
 72820 | Zot:5    | Gained mutation: You are dopey. (Int -2) [an orb of fire]
 72822 | Zot:5    | Gained mutation: Your body sometimes deteriorates upon
                  | taking damage. [an orb of fire]
 72823 | Zot:5    | Noticed an orb of fire
 72824 | Zot:5    | Gained mutation: You are very dopey. (Int -4) [an orb of
                  | fire]
 72828 | Zot:4    | Gained mutation: Armour fits poorly on your strangely
                  | shaped body. [an orb of fire]
 72830 | Zot:4    | Gained mutation: You occasionally shout uncontrollably at
                  | your foes. [an orb of fire]
 72832 | Zot:4    | Lost mutation: Your muscles are strong. (Str +4, Int/Dex
                  | -1) [an orb of fire]
 72834 | Zot:4    | Gained mutation: You frequently scream uncontrollably at
                  | your foes. [an orb of fire]
 72838 | Zot:4    | Killed an orb of fire
 72888 | Zot:4    | Lost mutation: Your body sometimes deteriorates upon taking
                  | damage. [potion of mutation]
 72888 | Zot:4    | Lost mutation: You are very dopey. (Int -4) [potion of
                  | mutation]
 72888 | Zot:4    | Lost mutation: You frequently scream uncontrollably at your
                  | foes. [potion of mutation]
 72888 | Zot:4    | Gained mutation: You are resistant to electric shocks.
                  | (rElec) [potion of mutation]
 72888 | Zot:4    | Gained mutation: Your body sometimes deteriorates upon
                  | taking damage. [potion of mutation]
 72892 | Zot:4    | Lost mutation: You are resistant to electric shocks.
                  | (rElec) [potion of mutation]
 72892 | Zot:4    | Lost mutation: You occasionally shout uncontrollably at
                  | your foes. [potion of mutation]
 72892 | Zot:4    | Gained mutation: Your magical capacity is low. (-10% MP)
                  | [potion of mutation]
 72892 | Zot:4    | Lost mutation: Your body sometimes deteriorates upon taking
                  | damage. [potion of mutation]
 72893 | Zot:4    | Lost mutation: You are dopey. (Int -2) [potion of mutation]
 72893 | Zot:4    | Lost mutation: Your magical capacity is low. (-10% MP)
                  | [potion of mutation]
 72893 | Zot:4    | Gained mutation: You occasionally lose the ability to read
                  | scrolls when taking damage. [potion of mutation]
 72893 | Zot:4    | Gained mutation: You are strong-willed. (Will+) [potion of
                  | mutation]
 72894 | Zot:4    | Lost mutation: You occasionally lose the ability to read
                  | scrolls when taking damage. [potion of mutation]
 72894 | Zot:4    | Lost mutation: Armour fits poorly on your strangely shaped
                  | body. [potion of mutation]
 72894 | Zot:4    | Lost mutation: You are strong-willed. (Will+) [potion of
                  | mutation]
 72894 | Zot:4    | Gained mutation: You are vulnerable to cold. (rC-) [potion
                  | of mutation]
 73110 | Zot:5    | Noticed an orb of fire
 73142 | Zot:5    | Noticed an orb of fire
 73148 | Zot:5    | Gained mutation: You are strong-willed. (Will+) [an orb of
                  | fire]
 73148 | Zot:5    | Gained mutation: You occasionally shout uncontrollably at
                  | your foes. [an orb of fire]
 73150 | Zot:5    | Gained mutation: Your spells are a little easier to cast,
                  | but a little less powerful. [an orb of fire]
 73159 | Zot:5    | Gained mutation: You occasionally lose the ability to drink
                  | potions when taking damage. [an orb of fire]
 73160 | Zot:5    | Gained mutation: Your magical capacity is low. (-10% MP)
                  | [an orb of fire]
 73162 | Zot:5    | Gained mutation: Potions are less effective at restoring
                  | your health. [an orb of fire]
 73166 | Zot:5    | Gained mutation: You possess an exceptional clarity of
                  | mind. [an orb of fire]
 73169 | Zot:5    | Killed from afar by an orb of fire

Illustrated notes

Levels and vault maps discovered:
D:1:      onia_arrival_pyramid, layout_loops_corners, serial_shops, shop
D:2:      layout_loops_ring, uniq_terence
D:3:      minmay_inner_zag, layout_basic, gup_sewer_entry_glass,
          dilly_guarded_unrand_throatcut, uniq_crazy_yiuf_cottage
D:4:      layout_basic, serial_shops, kennysheep_mini_moat,
          nicolae_ossuary_entry_monument, uniq_grinder
D:5:      layout_basic, grunt_temple_overflow_champion_of_chaos,
          mainiacjoe_overflow_two_lobes, minmay_temple_entry_stoned_glass,
          serial_shops, nicolae_shop_trees, uniq_menkaure
D:6:      layout_loops_ring, serial_shops, shop, chequers_serial_rivers_room_a
D:7:      kennysheep_housing_project, layout_cave_pools,
          dancing_weapons_uskayaw, serial_shops, shop
D:8:      layout_rooms, gammafunk_temple_of_torment,
          mainiacjoe_overflow_alcove_2, uniq_erica
D:9:      layout_basic, orc_0_dummy, minmay_curled_crystal, minivault_20,
          minmay_misc_feat_more_columns, nicolae_island_escapes, uniq_erolcha,
          uniq_maurice, uniq_gastronok
D:10:     layout_long_grid, lair_entry_dummy
D:11:     layout_loops_ring, kennysheep_windowed_goal, uniq_josephine,
          uniq_sonja, uniq_fannar
D:12:     layout_loops_corners, serial_bayou_pond_d, grunt_decor_arrowhead
D:13:     layout_roguey
D:14:     layout_big_octagon, david_vaults_5, uniq_azrael
D:15:     hangedman_depths_entry_civil_slaughter, layout_irregular_city,
          abandoned_shop, hellmonk_guarded_unrand_starlight
Temple:   nicolae_temple_great_sept
Lair:1:   layout_hall_layers, gammafunk_ghost_ooze, grunt_megastairs_4,
          uniq_amaemon
Lair:2:   layout_gridlike, palyth_hydra_swamp_entry,
          nicolae_snake_entry_warm_welcome, nicolae_quartered_pool_super,
          cheibrodos_lair_lostbears, serial_bayou_shore_b
Lair:3:   layout_loops_ring, serial_rivers, chequers_serial_rivers_micro_e,
          chequers_serial_rivers_small_3, chequers_serial_rivers_micro_c,
          chequers_serial_rivers_small_3, lemuel_fruit_tree
Lair:4:   layout_loops_ring, nicolae_slime_entry_field_trip
Lair:5:   hangedman_lair_caniforms_friends, layout_cave_shapes, wormcave,
          ice2_lemuel
Swamp:1:  gammafunk_worm_tunnel, layout_falls_marsh, evilmike_swamp_ruin_house_1
Swamp:2:  layout_falls_marsh, evilmike_swamp_ruin_house_5
Swamp:3:  layout_falls_marsh, nicolae_swamp_bean_lake,
          infiniplex_staircase_pool, uniq_bai_suzhen
Swamp:4:  swamp_old_school, layout_basic_swamp, swamp_pool1,
          nicolae_swamp_oxbows
Snake:1:  layout_misc_corridors, nicolae_snake_serpentine_bazaar,
          serial_bayou_shore_b, grunt_megastairs_3, uniq_frances
Snake:2:  onia_ninara_swampy_vault, layout_onion_interference, basic_altar,
          serial_nicolae_subway, nicolae_sub_station_metal,
          nicolae_sub_station_stone, nicolae_sub_station_crystal,
          serial_bayou_shore_b
Snake:3:  layout_onion_interference
Snake:4:  johnstein_snake_rune_scales, layout_layer_cave
Slime:1:  layout_caves
Slime:2:  layout_caves
Slime:3:  layout_caves, nicolae_slime_rock_hall_of_fame
Slime:4:  layout_caves
Slime:5
Orc:1:    layout_caves, serial_shops, shop
Orc:2:    st_orc_rangers, layout_caves
Elf:1:    elf_arrival_001, layout_loops_ring, evilmike_minifort,
          lemuel_upstairs_altar, uniq_aizul
Elf:2:    elven_hall_of_blades_hangedman_alternative
          [nicolae_vaults_blade_armed_guards], layout_geoelf_diagonals,
          corexii_hall_statues_x
Elf:3:    minmay_elf_hall_curves, layout_geoelf_castle,
          portal_ice_cave_entry_pillars_2
Vaults:1: gammafunk_ghost_fury_of_okawaru, nicolae_vaults_network_quincunx
          [nicolae_vaults_network_quincunx_subvault,
          nicolae_vaults_network_quincunx_subvault,
          nicolae_vaults_network_quincunx_subvault,
          nicolae_vaults_network_quincunx_subvault,
          nicolae_vaults_network_quincunx_subvault],
          nicolae_vaults_tetromino_L_2, nicolae_vaults_offset_grid_hallway_3,
          nicolae_vaults_little_squares_4, v_misc_24, vaults_dpeg_diagonal,
          nicolae_vaults_trapezoid_3, layout_vaults_omnigrid, serial_shops,
          nicolae_shop_real_fake_doors
Vaults:2: mu_enter_wizlab_3, minmay_crypt_entry_skeletal_spiral,
          nicolae_vaults_door_testing_chamber, v_misc_16,
          nicolae_vaults_house_1, nicolae_vaults_surprise_closet,
          st_quartered_hall, ontoclasm_vaults_idyll,
          nicolae_vaults_variable_pillar_hall, nicolae_vaults_tangram_1,
          nicolae_vaults_asterisk, v_misc_18, vaults_mumra_hex,
          vaults_dpeg_ring, hangedman_vaults_locks,
          nicolae_vaults_storage_room_doors, nicolae_vaults_little_squares_3,
          v_misc_10, layout_vaults_big_cross, serial_shops, shop,
          nicolae_trove_entry_crossroad
Vaults:3: gammafunk_ghost_smash, vaults_standard_mumra_lines,
          grunt_vaults_trifunnel, vaults_room_hallway,
          nicolae_vaults_closet_pinwheel_1, vaults_dpeg_emergency_exit,
          nicolae_vaults_heist, nicolae_vaults_oval_intersection,
          vaults_room_door_hall, nicolae_vaults_trapezoid_1,
          ontoclasm_vaults_bender, nicolae_vaults_oozy_zoo,
          nicolae_vaults_closet_pinwheel_2, nicolae_vaults_double_plus_2,
          vaults_room_grid, layout_vaults_ring, serial_shops,
          nicolae_diamond_shop
Vaults:4: nicolae_vaults_triangles, nicolae_vaults_big_angled_halls,
          v_alt_pattern_3, v_misc_28, nicolae_vaults_storage_closets_2,
          nicolae_vaults_twisting_passages, nicolae_vaults_house_3,
          nicolae_vaults_what_the_h, nicolae_vaults_more_shelving_1,
          ontoclasm_vaults_ring_large, hangedman_vaults_corner_blocks,
          nicolae_vaults_murderbox, ontoclasm_vaults_gateway, vaults_room_pools,
          layout_vaults_maze
Vaults:5
Crypt:1:  dreamdust_cat_pyramid, layout_regular_city,
          grunt_crypt_arrival_webbed, grunt_megastairs_2
Crypt:2:  layout_gridlike, grunt_ministairs_5, serial_sigils_hangedman_clutch,
          fountainhead
Depths:1: layout_cave_shapes, enter_ziggurat_c, abyss_entry,
          muffindrake_ghost_dual_entry, grunt_hell_entry_dis_old,
          kiku_gazebo_garden_becter, grunt_decor_junction, minmay_crystal_room,
          kennysheep_generic_room_12, uniq_saint_roka
Depths:2: hellmonk_paralyzer, layout_gridlike, minmay_staircase_bubble,
          grunt_pan_entry_in_and_out, hell_entry, st_stairs_5
Depths:3: gammafunk_jiyva_shrine, layout_gridlike, hellmouth_2, serial_shops,
          shop, abyss_entry_glasseish, serial_co_window_serial,
          co_window_cross_1, co_window_corner_a, co_window_paths_b,
          co_window_of_opportunity_a, co_window_paths_a,
          co_window_of_opportunity_c, co_window_unsneaky_path_d,
          co_window_unsneaky_path_b, co_window_paths_c, co_window_corner_cb,
          co_window_corner_ca, co_window_paths_e, glass_columns_a,
          glass_columns_a, glass_columns_b, glass_columns_a, glass_columns_a
Depths:4: evilmike_zot_entry_round, layout_gridlike, hell_entry,
          cheibrodos_ashenzari_chains, nicolae_concentric_dashed_squares_wild,
          grunt_megastairs_5, uniq_sojobo
Hell
Zot:1:    layout_basic
Zot:2:    kennysheep_six_static_rooms, layout_onion,
          ebering_ghost_disaster_area, uniq_parghit
Zot:3:    layout_twisted_circle, nicolae_diode_stairs, uniq_grunn
Zot:4:    layout_twisted_circle
Zot:5:    layout_cellular_growth, uniq_tiamat

Skill      XL: |  1  2  3  4  5  6  7  8  9 10 11 12 13 14 15 16 17 18 19 20 21 22 23 24 25 26 27 |
---------------+----------------------------------------------------------------------------------+-----
Stealth        | 2 3 4 6 7 8 10 11 13 14 15 | 15.4
Dodging        | 3 4 6 7 8 11 12 13 14 15 17 18 19 21 22 | 22.5
Ranged Weapons | 5 6 7 9 10 12 13 15 16 18 19 20 21 22 | 22.2
Fighting       | 2 3 4 5 6 9 13 15 16 17 18 19 21 22 24 25 26 | 26.1
Translocations | 2 3 7 9 |  9.7
Spellcasting   | 2 3 4 5 8 9 |  9.5
Invocations    | 3 5 7 8 9 10 11 | 11.4
Armour         | 1 2 3 4 8 10 11 | 11.1
Evocations     | 1 4 6 13 14 17 19 | 19.6
Hexes          | 3 4 5 8 10 | 10.6
Fire Magic     | 2 3 |  3.0
Air Magic      | 6 10 11 | 11.8

Action                     |  1- 3 |  4- 6 |  7- 9 | 10-12 | 13-15 | 16-18 | 19-21 | 22-24 | 25-27 || total
---------------------------+-------+-------+-------+-------+-------+-------+-------+-------+-------++-------
   Fire: Shortbow          |    40 |       |       |       |       |       |       |       |       ||    40
         Sling             |    42 |   198 |   587 |   619 |       |       |       |       |       ||  1446
         Arbalest          |       |       |       |   202 |  1060 |   988 |  1011 |   348 |  1592 ||  5201
   Cast: Blink             |       |       |     1 |       |     9 |     8 |    12 |     8 |    66 ||   104
         Passage of Golubr |       |       |       |       |       |       |     3 |       |     1 ||     4
         Portal Projectile |       |       |       |       |       |       |       |     1 |     2 ||     3
         Inner Flame       |       |       |       |       |       |       |       |       |     8 ||     8
 Invoke: Heroism           |       |       |       |     3 |     2 |     2 |     1 |     2 |     3 ||    13
         Finesse           |       |       |       |       |     1 |       |     1 |     1 |     2 ||     5
  Evoke: Wand              |       |       |       |       |       |     1 |       |       |     1 ||     2
    Use: Scroll            |       |     7 |     8 |     8 |     8 |     2 |     6 |     3 |     7 ||    49
         Potion            |       |       |     1 |     1 |       |     5 |     1 |     4 |    12 ||    24
 Armour: Robe              |       |     2 |    17 |    10 |       |    17 |     8 |     3 |    13 ||    70
         Steam dragon scal |       |       |       |     8 |    49 |     4 |       |       |       ||    61
         Shadow dragon sca |       |       |       |       |       |       |       |       |    48 ||    48
  Dodge: Dodged            |    21 |    43 |   171 |   196 |   754 |   535 |   367 |   160 |   964 ||  3211
         Repelled          |       |       |       |       |     1 |       |       |       |       ||     1
  Block: Other             |       |       |       |     7 |   141 |     2 |       |       |       ||   150
         Reflection        |       |       |       |       |    55 |     2 |       |       |       ||    57
